 Dungeon Crawl Stone Soup version 0.18-a0-1060-g4fac74f (webtiles) character file.

194 namelastname112 the Sneak (level 5, -1/41 HPs)
             Began as a Draconian Wizard on Jan 13, 2016.
             Succumbed to a scorpion's poison
             ... on level 4 of the Dungeon.
             The game lasted 00:06:42 (4372 turns).

namelastname112 the Sneak (Draconian Wizard)        Turns: 4372, Time: 00:06:43

Health: -1/41      AC:  5    Str: 10    XL:     5   Next: 44%
Magic:  2/9        EV: 12    Int: 18    God:
Gold:   140        SH:  0    Dex: 10    Spells: 1 memorised, 9 levels left

rFire  . . .     SeeInvis .     v - -2 short sword (curse)
rCold  . . .     Gourm    +     (armour unavailable)
rNeg   . . .     Faith    .     (no shield)
rPois  .         Spirit   .     a - +0 hat
rElec  .         Dismiss  .     (no cloak)
rCorr  .         Reflect  .     (no gloves)
SustAt .         Harm     .     (no boots)
MR     .....                    p - amulet of the gourmand
Stlth  +++.......               (no ring)
                                o - ring of stealth

@: lethally poisoned (-1 -> -37), not resistant to hostile enchantments, fairly
stealthy
A: unfitting armour, cold-blooded, AC +5
a: no special abilities


You were on level 4 of the Dungeon.
You were not hungry.

You visited 1 branch of the dungeon, and saw 4 of its levels.

You collected 140 gold pieces.

Inventory:

Hand Weapons
 v - a cursed -2 short sword (weapon)
Missiles
 i - 2 javelins of penetration (quivered)
 k - 7 curare-tipped needles
 m - 36 poisoned needles
Armour
 a - a +0 hat (worn)
Jewellery
 o - a ring of stealth (left hand)
 p - an amulet of the gourmand (around neck)
 u - an uncursed ring of fire
Wands
 r - a wand of flame (37/48)
Scrolls
 d - a scroll of teleportation
 h - 3 scrolls of identify
 y - a scroll of enchant armour {unknown}
Potions
 e - a potion of invisibility
 j - a potion of agility {unknown}
 l - a potion of cancellation {unknown}
 n - 2 potions of flight {unknown}
 q - 2 potions of resistance {unknown}
 t - 2 potions of might {unknown}
 w - a potion of lignification {unknown}
 x - a potion of poison {unknown}
 z - a potion of ambrosia {unknown}
 A - a potion of haste {unknown}
Books
 b - a book of Minor Magic

   Spells                             Type                      Level
   a - Magic Dart                     Conjuration                  1
   b - Blink                          Translocation                2
   c - Call Imp                       Summoning                    2
   d - Repel Missiles                 Charms/Air                   2
   e - Slow                           Hexes                        2
   f - Conjure Flame                  Conjuration/Fire             3
   g - Mephitic Cloud                 Conjuration/Poison/Air       3
Comestibles
 c - 4 bread rations
 f - 3 meat rations
 g - 2 beef jerkies
 s - a royal jelly


   Skills:
 + Level 2.1 Fighting
 * Level 2.8 Short Blades
 + Level 2.6 Dodging
 * Level 3.4 Stealth
 - Level 3.0 Spellcasting
 - Level 1.0 Conjurations
   Level 1.0 Summonings
   Level 1.0 Translocations


You had 9 spell levels left.
You knew the following spells:

 Your Spells              Type           Power        Failure   Level  Hunger
z - Magic Dart            Conj           #...         12%         1    None


Dungeon Overview and Level Annotations

Branches:
Dungeon (4/15)
 Temple: D:4-7

Altars:
Nemelex Xobeh


Innate Abilities, Weirdness & Mutations

Your plain brown scales are hard (AC +5).
Your body does not fit into most forms of armour.
You are cold-blooded and may be slowed by cold attacks.


Message History

* * * LOW HITPOINT WARNING * * *
You are more poisoned.
The scorpion poisons you!
Throwing (i - inventory):
i - 4 javelins of penetration (quivered)
Press: ? - help, Shift-Dir - straight line, f/p - scorpion
Aim: a scorpion (heavily wounded)
You throw a javelin of penetration.
The javelin of penetration pierces through the scorpion.
The scorpion is severely wounded.
* * * LOW HITPOINT WARNING * * *
You feel sick. The scorpion stings you.
* * * LOW HITPOINT WARNING * * *
You are more poisoned.
The scorpion poisons you!
Throwing (i - inventory):
i - 3 javelins of penetration (quivered)
Press: ? - help, Shift-Dir - straight line, f/p - scorpion
Aim: a scorpion (severely wounded)
You throw a javelin of penetration.
The javelin of penetration completely misses the scorpion.
You die...

#.# #># #.# #.#
###.########
#...........
#.#.########
#.#.........
#@##########
......s.......#
.######.#####.#
#.# #.# #.# #.#
#.#


You could see a scorpion.

Vanquished Creatures
  Natasha (D:3)
  10 adders
  4 worms
  3 giant geckos
  5 giant cockroaches
  7 goblins
  7 hobgoblins
  6 jackals
  10 kobolds
  A quokka (D:2)
  8 bats
  A giant newt (D:1)
  5 rats
68 creatures vanquished.

Notes
Turn   | Place    | Note
--------------------------------------------------------------
     0 | D:1      | namelastname112 the Draconian Wizard began the quest for the Orb.
     0 | D:1      | Reached XP level 1. HP: 14/14 MP: 4/4
   172 | D:1      | Reached skill level 1 in Short Blades
   239 | D:1      | Reached XP level 2. HP: 20/22 MP: 0/6
   508 | D:1      | Reached skill level 1 in Fighting
  1013 | D:2      | Reached XP level 3. HP: 28/28 MP: 0/7
  1431 | D:2      | Reached XP level 4. HP: 17/35 MP: 0/8
  3038 | D:3      | Noticed Natasha
  3380 | D:3      | Reached XP level 5. HP: 41/41 MP: 3/9
  3897 | D:3      | Killed Natasha
  4134 | D:4      | Found a sparkling altar of Nemelex Xobeh.
  4144 | D:4      | Noticed Xesmoru
  4371 | D:4      | HP: 1/41 [scorpion (6)]
  4372 | D:4      | Succumbed to a scorpion's poison

Vault maps used:
D:1:      nicolae_arrival_washed_ashore, nrook_mini_backslash
D:3:      first_bread, uniq_natasha
D:4:      minitemple, nemelex_deck, nemelex_diamond_rough_becter

Action                   |  1- 3 |  4- 6 || total
-------------------------+-------+-------++-------
Melee: Short sword       |   108 |   155 ||   263
Throw: Javelin           |       |     9 ||     9
 Cast: Magic Dart        |    61 |   133 ||   194
Evoke: Deck              |       |     5 ||     5
  Use: Scroll            |     2 |     3 ||     5
       Potion            |     1 |     1 ||     2
 Stab: Sleeping          |     1 |     2 ||     3
  Eat: Chunk             |     2 |     4 ||     6
       Meat ration       |       |     1 ||     1
